 Dungeon Sprint DCSS version 0.29-a0-330-g52719c12eb (webtiles) character file.

Game seed: 7866637123013533776

285873 jt the Imperceptible (level 13, 67/101 HPs)
             Began as an Octopode Enchanter on May 6, 2022.
             Was an Initiate of Gozag.
             Escaped with the Orb!
             The game lasted 00:23:55 (4902 turns).

jt the Imperceptible (Octopode Enchanter)           Turns: 4902, Time: 00:23:56

Health: 67/101     AC:  9    Str:  9    XL:     13   Next: 60%
Magic:  29/29      EV: 20    Int: 23    God:    Gozag
Gold:   301        SH:  8    Dex: 16    Spells: 22/36 levels left

rFire   + . .      SeeInvis +   c - +2 rapier (speed)
rCold   + . .      Faith    .   J - +3 buckler {reflect}
rNeg    . . .      Spirit   .   (helmet restricted)
rPois   +          Reflect  +   j - amulet of invisibility {+Inv}
rElec   .          Harm     .   v - +6 ring of intelligence
rCorr   .          Rampage  .   w - +4 ring of protection
Will    .....      NoTele   +   x - +4 ring of protection
Stlth   +++.......              y - +4 ring of slaying
HPRegen 0.26/turn               z - ring of see invisible
MPRegen 0.21/turn               l - ring of protection from fire
                                (no ring)
                                (no ring)

@: mighty
A: almost no armour, amphibious, 8 rings, camouflage 1, gelatinous body 1,
(nimble swimmer 1), tentacles, cold resistance 1, poison resistance
0: Orb of Zot
a: Renounce Religion, Evoke Invisibility, Potion Petition, Call Merchant, Bribe
Branch


You escaped.
You worshipped Gozag.
Gozag was aware of your devotion.
You visited 1 branch You collected 6472 gold pieces.
You spent 5299 gold pieces at shops.
You paid 872 gold pieces to Gozag.

Inventory:

Hand Weapons
 a - a +3 short sword of speed
 c - a +2 rapier of speed (weapon)
 d - a +0 spear
 g - a +1 dagger
 h - a +2 lajatang of speed
 n - a +1 vorpal hand crossbow
 A - the +8 storm bow {elec, penet}
   (You took it off a spriggan in the Dungeon)

   Any ammunition fired from it occasionally discharges a powerful burst of
   electricity upon striking a foe.
   Any ammunition fired by it passes through the targets it hits, potentially
   hitting all targets in its path until it reaches maximum range.
 C - a +0 demon whip of draining
 E - a +1 antimagic hand axe
 G - a +3 demon whip of draining
 I - a +1 flail of draining
Missiles
 t - 33 stones (quivered)
Armour
 J - a +3 buckler of reflection (worn)
 K - the +1 faerie dragon scales {rF+ rC+ rCorr}
   (You took it off the Enchantress in the Dungeon)

   rF:        It protects you from fire.
   rC:        It protects you from cold.
   rCorr:     It protects you from acid and corrosion.
Magical Staves
 u - a staff of air
Jewellery
 e - the amulet "Ushroahia" {Spirit rCorr}
   (You found it in the Dungeon)

   [amulet of guardian spirit]

   It causes incoming damage to be divided between your reserves of health and
   magic.
   rCorr:     It protects you from acid and corrosion.
 j - the amulet of invisibility (around mantle) {+Inv}
   (You found it in the Dungeon)

   [amulet of nothing]

   +Inv:      It lets you turn invisible.
 l - a ring of protection from fire (on tentacle)
 v - a +6 ring of intelligence (left tentacle)
 w - a +4 ring of protection (right tentacle)
 x - a +4 ring of protection (on tentacle)
 y - a +4 ring of slaying (on tentacle)
 z - a ring of see invisible (on tentacle)
Scrolls
 b - a scroll of brand weapon
 q - a scroll of fear
 s - a scroll of amnesia
 B - a scroll of immolation
 D - a scroll of vulnerability
Potions
 f - 2 potions of magic
 k - a potion of flight
 m - 4 potions of curing
 p - a potion of attraction
 H - a potion of cancellation
 N - a potion of ambrosia
Miscellaneous
 r - a tin of tremorstones (2/2)
 F - a phial of floods


   Skills:
 + Level 14.1 Fighting
 - Level 12.8 Short Blades
 + Level 5.7 Throwing
 - Level 13.2 Dodging
 + Level 23.0 Stealth
 + Level 4.9 Shields
 - Level 12.3 Spellcasting
 - Level 13.6 Hexes
 + Level 13.1 Evocations


You had 22 spell levels left.
You knew the following spells:

 Your Spells              Type           Power      Damage    Failure   Level
a - Ensorcelled Hibernat  Hex/Ice        90%        N/A       1%          2
b - Tukima's Dance        Hex            67%        N/A       1%          3
c - Dazzling Flash        Conj/Hex       90%        N/A       1%          3
d - Sticky Flame          Conj/Fire      14%        2d4       50%         4
e - Blink                 Tloc           28%        N/A       9%          2

Your spell library contained the following spells:

 Spells                   Type           Power      Damage    Failure   Level
 Confusing Touch          Hex            67%        N/A       1%          3
 Conjure Flame            Conj/Fire      14%        6-21      17%         3
 Ignite Poison            Fire/Tmut/Pois 14%        N/A       17%         3
 Discord                  Hex            33%        N/A       80%         8
 Conjure Ball Lightning   Conj/Air       7%         3x3d6     100%        6
 Dispersal                Tloc           7%         N/A       100%        6
 Haunt                    Necr/Summ      7%         N/A       100%        7
 Disjunction              Tloc           7%         N/A       100%        8


Dungeon Overview and Level Annotations

Branches:
Dungeon (1/1)

Altars:
Cheibriados
Dithmenos
Elyvilon
Gozag
Hepliaklqana
Kikubaaqudgha
Makhleb
Nemelex Xobeh
Okawaru
Qazlal
Ru
Sif Muna
Trog
Uskayaw
Vehumet
Wu Jian
Xom
Yredelemnul
Zin
The Shining One
Beogh
Jiyva
Lugonu

Shops:
D ([??!:::!?:[[?((=(*[=


Innate Abilities, Weirdness & Mutations

You cannot wear most types of armour.
You are amphibious.
You can wear up to eight rings at the same time.
Your skin changes colour to match your surroundings (Stealth+).
Your rubbery body absorbs attacks. (AC +1, EV +1)
((You are camouflaged when in or above water. (Stealth+)))
You have tentacles for arms and can constrict up to eight enemies at once.
Your flesh is cold resistant. (rC+)
Your system is resistant to poisons. (rPois)


Message History

The ice devil attacks as you move away! The ice devil completely misses you.
You hit the ice devil. You grab the ice devil.
The ice devil is lightly wounded.
You constrict the ice devil, but do no damage.
You hit the ice devil. You squeeze the ice devil.
The ice devil is lightly wounded.
You constrict the ice devil. You hit the ice devil but do no damage.
The ice devil is moderately wounded.
You constrict the ice devil, but do no damage.
You block the ice devil's attack.
You hit the ice devil but do no damage.
The ice devil is moderately wounded.
You constrict the ice devil.
You feel very mighty all of a sudden.
You constrict the ice devil. You block the ice devil's attack.
You hit the ice devil.
The ice devil is moderately wounded.
You constrict the ice devil, but do no damage.
You block the ice devil's attack.
You hit the ice devil but do no damage.
You squeeze the ice devil, but do no damage.
The ice devil is moderately wounded.
You constrict the ice devil. You completely miss the ice devil.
The ice devil is moderately wounded.
You constrict the ice devil. You impale the ice devil!!
The ice devil is almost dead.
You constrict the ice devil, but do no damage.
You block the ice devil's attack.
You hit the ice devil but do no damage. You squeeze the ice devil!
You kill the ice devil!
You now have 301 gold pieces (gained 81).
There is an open door here.
There is an open door here.
There is an open door here.
There is an open door here.
There is a staircase leading out of the dungeon here.
You have escaped!

##################
#@..P#.....#.....#
#PP..'.....'.#...'
#PPPP#.....#.#...#
###############'##
#...♣........'...#
#......♣.....#...#
#.....♣..♣..######
##'####'######..'.
#..#....'.......#♣


There were no monsters in sight!

Vanquished Creatures
  the Enchantress (D)
  Agnes (D)
  2 ghost moths (D)
  6 spriggan defenders (D)
  5 spriggan berserkers (D)
  4 spriggan druids (D)
  25 oklob plants (D)
  3 moths of wrath (D)
  4 demonic crawlers (D)
  An ice devil (D)
  3 burning bushes (D)
  2 queen bees (D)
  3 wandering mushrooms (D)
  10 hornets (D)
  4 scorpions (D)
  4 killer bees (D)
  5 oklob saplings (D)
  11 spriggans (D)
  A river rat (D)
  A rat (D)
96 creatures vanquished.

Vanquished Creatures (others)
  2 ballistomycete spores (D)
  A fungus (D)
3 creatures vanquished.

Grand Total: 99 creatures vanquished

Notes
Turn   | Place    | Note
-------+----------+-------------------------------------------
     0 | D        | jt the Octopode Enchanter began the quest for the Orb.
     0 | D        | Reached XP level 1. HP: 11/11 MP: 3/3
    19 | D        | Reached skill level 7 in Stealth
    19 | D        | Reached XP level 2. HP: 2/17 MP: 5/5
    25 | D        | Noticed an oklob sapling
    26 | D        | Killed an oklob sapling
    27 | D        | Reached skill level 9 in Stealth
    27 | D        | Reached XP level 3. HP: 3/21 MP: 6/6
    28 | D        | Noticed a scorpion
    28 | D        | Found the amulet of invisibility {+Inv}
    30 | D        | Killed a scorpion
    31 | D        | Reached skill level 13 in Stealth
    31 | D        | Reached XP level 4. HP: 4/27 MP: 7/7
    38 | D        | Reached XP level 5. HP: 6/31 MP: 8/8
   289 | D        | Learned a level 2 spell: Ensorcelled Hibernation
   293 | D        | Learned a level 3 spell: Tukima's Dance
   297 | D        | Learned a level 3 spell: Dazzling Flash
   301 | D        | Found an opulent altar of Gozag.
   301 | D        | Found a hazy altar of Hepliaklqana.
   301 | D        | Found a snail-covered altar of Cheibriados.
   302 | D        | Found a viscous altar of Jiyva.
   302 | D        | Found a burning altar of Makhleb.
   302 | D        | Found a sparkling altar of Nemelex Xobeh.
   302 | D        | Found a sacrificial altar of Ru.
   302 | D        | Found a shimmering blue altar of Sif Muna.
   302 | D        | Found a bloodstained altar of Trog.
   302 | D        | Found an ornate altar of the Wu Jian Council.
   302 | D        | Found a shimmering altar of Xom.
   302 | D        | Found a basalt altar of Yredelemnul.
   303 | D        | Found an iron altar of Okawaru.
   303 | D        | Found a shadowy altar of Dithmenos.
   303 | D        | Found a glowing silver altar of Zin.
   304 | D        | Found an ancient bone altar of Kikubaaqudgha.
   304 | D        | Found a hide-covered altar of Uskayaw.
   305 | D        | Found a stormy altar of Qazlal.
   305 | D        | Found a white marble altar of Elyvilon.
   305 | D        | Found a glowing golden altar of the Shining One.
   306 | D        | Became a worshipper of Gozag Ym Sagoz the Greedy
   307 | D        | Found a corrupted altar of Lugonu.
   307 | D        | Found a radiant altar of Vehumet.
   313 | D        | Reached skill level 14 in Stealth
   328 | D        | Reached XP level 6. HP: 41/41 MP: 8/11
   371 | D        | Found Pulij's Antique Weapon Shop.
   371 | D        | Found Fazaimess's Magic Scroll Emporium.
   375 | D        | Bought a scroll of enchant weapon for 105 gold pieces
   483 | D        | Noticed a burning bush
   483 | D        | Noticed a wandering mushroom
   484 | D        | Noticed a wandering mushroom
   486 | D        | Killed a wandering mushroom
   487 | D        | Reached skill level 5 in Dodging
   487 | D        | Reached skill level 15 in Stealth
   487 | D        | Reached skill level 5 in Hexes
   487 | D        | Reached XP level 7. HP: 49/49 MP: 9/14
   488 | D        | Killed a wandering mushroom
   489 | D        | Reached skill level 5 in Fighting
   489 | D        | Reached skill level 5 in Spellcasting
   493 | D        | Found Heot's Assorted Antiques.
   497 | D        | Killed a burning bush
   498 | D        | Reached skill level 5 in Short Blades
   498 | D        | Reached skill level 16 in Stealth
   498 | D        | Reached XP level 8. HP: 30/57 MP: 10/17
   501 | D        | Found Haymefog's Weapon Shoppe.
   520 | D        | Bought a scroll labelled BEDONOGOCY for 25 gold pieces
   520 | D        | Bought a scroll labelled POKLISU VIBUT for 25 gold pieces
   520 | D        | Bought a scroll labelled BEDONOGOCY for 25 gold pieces
   520 | D        | Bought a white potion for 22 gold pieces
   644 | D        | Noticed a queen bee
   655 | D        | Killed a queen bee
   663 | D        | Noticed an oklob plant
   666 | D        | Killed an oklob plant
   667 | D        | Reached XP level 9. HP: 64/64 MP: 17/19
   674 | D        | Noticed a burning bush
   677 | D        | Killed a burning bush
   678 | D        | Reached skill level 17 in Stealth
   722 | D        | Noticed a burning bush
   722 | D        | Noticed an oklob plant
   723 | D        | Noticed a wandering mushroom
   731 | D        | Killed an oklob plant
   735 | D        | Killed a wandering mushroom
   872 | D        | Noticed a spriggan druid
   873 | D        | Killed a spriggan druid
   890 | D        | Noticed an oklob plant conjurer
   891 | D        | Killed an oklob plant conjurer
   892 | D        | Reached XP level 10. HP: 73/73 MP: 22/22
  1210 | D        | Noticed an oklob plant
  1210 | D        | Noticed an oklob plant summoner
  1211 | D        | Noticed an oklob plant shifter
  1216 | D        | Killed an oklob plant summoner
  1217 | D        | Reached skill level 18 in Stealth
  1219 | D        | Killed an oklob plant shifter
  1221 | D        | Noticed a demonic crawler
  1223 | D        | Killed a demonic crawler
  1224 | D        | Reached skill level 5 in Evocations
  1240 | D        | Killed an oklob plant
  1481 | D        | Noticed a spriggan rider
  1485 | D        | Reached skill level 10 in Hexes
  1486 | D        | Found Xeohitodd's Armour Emporium.
  1487 | D        | Found Odeybips's Jewellery Shoppe.
  1487 | D        | Paralysed by a hornet for 1 turns
  1514 | D        | Bought a +4 ring of protection for 468 gold pieces
  1515 | D        | Bought a +4 ring of protection for 468 gold pieces
  1515 | D        | Bought a +4 ring of slaying for 1014 gold pieces
  1816 | D        | Noticed Agnes
  1817 | D        | Found Yryame's Weapon Emporium.
  1817 | D        | Found Ynuz Qom's Jewellery Shoppe.
  1818 | D        | Killed Agnes
  1819 | D        | Reached XP level 11. HP: 81/81 MP: 24/24
  1819 | D        | Noticed a spriggan defender
  1826 | D        | Killed a spriggan defender
  1827 | D        | Reached skill level 10 in Fighting
  1827 | D        | Reached skill level 10 in Dodging
  1827 | D        | Reached skill level 19 in Stealth
  1836 | D        | Bought a ring of see invisible for 150 gold pieces
  1846 | D        | Noticed a spriggan berserker
  1848 | D        | Killed a spriggan berserker
  1852 | D        | Noticed a spriggan rider
  1860 | D        | Killed a spriggan rider
  1870 | D        | Reached skill level 10 in Short Blades
  1892 | D        | Noticed a ghost moth
  1901 | D        | Found Synevin's Antique Weapon Shoppe.
  1901 | D        | Found Adaogonus's Armour Boutique.
  1901 | D        | Found Zuing's Magic Scroll Emporium.
  1909 | D        | Reached skill level 10 in Spellcasting
  1916 | D        | Gained mutation: Your flesh is cold resistant. (rC+)
                  | [potion of mutation]
  1916 | D        | Gained mutation: Your system is resistant to poisons.
                  | (rPois) [potion of mutation]
  1936 | D        | HP: 4/82 [ghost moth (4)]
  1941 | D        | Killed a ghost moth
  2300 | D        | Noticed an oklob plant shifter
  2300 | D        | Noticed an oklob plant meteorologist
  2304 | D        | Killed an oklob plant meteorologist
  2312 | D        | Killed an oklob plant shifter
  2333 | D        | Noticed a spriggan rider
  2336 | D        | Reached skill level 20 in Stealth
  2595 | D        | Found Puidwitt's Distillery.
  2595 | D        | Found Ademp's Book Boutique.
  2595 | D        | Found Huockazi's Magic Scroll Shop.
  2595 | D        | Found Xyro's Book Emporium.
  2595 | D        | Found Yfrily's Book Shoppe.
  2596 | D        | Found Vusuucli's Magic Scroll Emporium.
  2596 | D        | Found Fiffaihu's Book Shop.
  2596 | D        | Found Tuecsyti's Distillery.
  2609 | D        | Bought 2 scrolls of blinking for 165 gold pieces
  2609 | D        | Bought a scroll of fog for 22 gold pieces
  2616 | D        | Bought a potion of heal wounds for 65 gold pieces
  2616 | D        | Bought 2 potions of curing for 78 gold pieces
  2626 | D        | Noticed an oklob plant summoner
  2627 | D        | Found Enkas's Antique Armour Emporium.
  2628 | D        | Found Desonao's Antique Armour Shop.
  2636 | D        | Killed an oklob plant summoner
  2641 | D        | Noticed an oklob plant demonologist
  2641 | D        | Noticed an oklob plant annihilator
  2642 | D        | Noticed a spriggan berserker
  2648 | D        | Killed an oklob plant demonologist
  2654 | D        | Noticed a death yak
  2662 | D        | Killed a spriggan berserker
  2663 | D        | Reached XP level 12. HP: 47/90 MP: 26/26
  2742 | D        | Identified the amulet "Ushroahia" {Spirit rCorr}
  2777 | D        | Bought a potion of might for 52 gold pieces
  2777 | D        | Bought a potion of might for 52 gold pieces
  2779 | D        | Bought a potion of attraction for 36 gold pieces
  2780 | D        | Bought a scroll of fear for 38 gold pieces
  2780 | D        | Bought a scroll of immolation for 38 gold pieces
  2849 | D        | Reached skill level 10 in Evocations
  2855 | D        | Reached skill level 21 in Stealth
  2995 | D        | Noticed a spriggan defender
  2995 | D        | Noticed a spriggan defender
  2999 | D        | Killed a spriggan defender
  2999 | D        | Killed a spriggan defender
  3027 | D        | Noticed a spriggan berserker
  3027 | D        | Noticed a spriggan berserker
  3035 | D        | Killed a spriggan berserker
  3038 | D        | Killed a spriggan berserker
  3040 | D        | Reached XP level 13. HP: 64/98 MP: 27/29
  3239 | D        | Noticed a spriggan defender
  3245 | D        | Killed a spriggan defender
  3246 | D        | Reached skill level 1 in Throwing
  3246 | D        | Reached skill level 22 in Stealth
  3506 | D        | Bought a scroll of vulnerability for 105 gold pieces
  3610 | D        | Bought a scroll of identify for 22 gold pieces
  3611 | D        | Bought a scroll of enchant weapon for 82 gold pieces
  3722 | D        | Bought a phial of floods for 1000 gold pieces
  3722 | D        | Bought a scroll of enchant weapon for 187 gold pieces
  3901 | D        | Noticed the Enchantress
  3908 | D        | Killed the Enchantress
  3994 | D        | Bought a scroll of enchant armour for 82 gold pieces
  3994 | D        | Bought a scroll of holy word for 82 gold pieces
  4026 | D        | Bought a scroll of enchant armour for 97 gold pieces
  4207 | D        | Reached skill level 1 in Shields
  4263 | D        | Learned a level 4 spell: Sticky Flame
  4354 | D        | Noticed a ghost moth
  4365 | D        | Killed a ghost moth
  4400 | D        | Noticed a spriggan defender
  4403 | D        | Noticed a spriggan defender
  4408 | D        | Killed a spriggan defender
  4409 | D        | Reached skill level 5 in Throwing
  4409 | D        | Killed a spriggan defender
  4410 | D        | Reached skill level 23 in Stealth
  4550 | D        | Bought a potion of cancellation for 96 gold pieces
  4550 | D        | Bought a potion of haste for 120 gold pieces
  4552 | D        | Bought a potion of ambrosia for 104 gold pieces
  4552 | D        | Bought a potion of curing for 39 gold pieces
  4552 | D        | Bought a potion of curing for 39 gold pieces
  4555 | D        | Bought the Guide on Quantum Creation for 396 gold pieces
  4558 | D        | Learned a level 2 spell: Blink
  4673 | D        | Got the Orb of Zot
  4731 | D        | Noticed a Hell Sentinel
  4902 | D        | Escaped with the Orb!

Illustrated notes

Levels and vault maps discovered:
D:        dungeon_sprint_fedhas [sprint_temple]

Skill      XL: |  1  2  3  4  5  6  7  8  9 10 11 12 13 |
---------------+----------------------------------------+-----
Stealth        | 7 9 13 14 15 16 17 18 20 21 23 | 23.0
Fighting       | 2 4 6 7 8 9 11 12 14 | 14.1
Dodging        | 3 5 6 7 8 9 11 12 13 | 13.2
Spellcasting   | 3 4 6 7 8 9 10 12 | 12.3
Hexes          | 4 5 6 8 9 10 11 13 | 13.6
Short Blades   | 3 5 6 7 9 10 12 | 12.8
Evocations     | 4 6 9 11 13 | 13.1
Throwing       | 5 |  5.7
Shields        | 4 |  4.9

Action                   |  1- 3 |  4- 6 |  7- 9 | 10-12 | 13-15 || total
-------------------------+-------+-------+-------+-------+-------++-------
Melee: Dagger            |    10 |    14 |       |       |       ||    24
       Tentacles         |     3 |     4 |     4 |    35 |    22 ||    68
       Constrict         |     2 |     3 |       |    12 |     8 ||    25
       Short sword       |       |     1 |    22 |   125 |    49 ||   197
       Punch             |       |     1 |     1 |     4 |       ||     6
       Rapier            |       |       |       |       |    11 ||    11
Throw: Stone             |       |       |       |     2 |     5 ||     7
       Dart              |       |       |       |       |     5 ||     5
 Cast: Dazzling Flash    |       |       |       |     1 |       ||     1
Invok: Potion Petition   |       |       |       |     3 |       ||     3
 Abil: Evoke Invisibilit |       |     2 |     2 |     6 |     3 ||    13
Evoke: Tin of tremorston |       |       |       |     9 |     3 ||    12
  Use: Potion            |     1 |     1 |       |     9 |     2 ||    13
       Scroll            |       |     1 |       |     8 |     7 ||    16
 Stab: Invisible         |     1 |       |       |     6 |     3 ||    10
       Sleeping          |     2 |     3 |    14 |    24 |     5 ||    48
       Distracted        |       |       |     1 |     2 |       ||     3
Armor: Skin              |       |       |       |    14 |     1 ||    15
Dodge: Dodged            |     7 |     4 |     1 |    45 |    15 ||    72
Block: Buckler           |       |       |       |     1 |    10 ||    11

Table legend: (Time is in decaauts)
 A = Elapsed time spent in this place.
 B = Non-inter-level travel time spent in this place.
 C = Inter-level travel time spent in this place.
 D = Time resting spent in this place.
 E = Time spent auto-exploring this place.
 F = Levels seen in this place.
 G = Mean time per level.
                   A        B        C        D        E       F      G
               +--------+--------+--------+--------+--------+-----+--------+
         Total |   4746 |   3625 |   1121 |   2225 |      0 |   1 | 4746.0 |
       Dungeon |   4746 |   3625 |   1121 |   2225 |      0 |   1 | 4746.0 |
               +--------+--------+--------+--------+--------+-----+--------+

Top non-repeatable levels by time:
       D: 4746 daAuts
